 Dungeon Crawl Stone Soup version 0.31-a0-174-g85c54bcb58 (webtiles) character file.

Game seed: 1435029727458063424

226 qw the Chopper (level 6, -7/38 HPs)
             Began as a Gargoyle Fighter on June 15, 2023.
             Was an Initiate of Okawaru.
             Mangled by Menkaure (17 damage)
             ... on level 4 of the Dungeon.
             The game lasted 00:01:35 (3460 turns).

qw the Chopper (Gargoyle Fighter)                   Turns: 3460, Time: 00:01:35

Health: -7/38      AC: 17    Str: 22    XL:     6   Next: 1%
Magic:  6/6        EV:  8    Int:  8    God:    Okawaru [......]
Gold:   173        SH:  4    Dex:  9    Spells: 5/5 levels left

rFire   . . .        Y - +0 war axe
rCold   . . .        c - +0 buckler
rNeg    + . .        i - +0 chain mail
rPois   inf          (no helmet)
rElec   +            (no cloak)
rCorr   .            (no gloves)
SInv    .            (no boots)
Will    .....        b - amulet of regeneration Stlth
                     k - +4 ring of protection
HPRegen 1.06/turn    (no ring)
MPRegen 0.10/turn

%: no passive effects
@: no status effects
A: sickness immunity, AC +4, negative energy resistance 1, electricity
resistance, torment resistance 1, petrification resistance
a: Renounce Religion


You were on level 4 of the Dungeon.
You worshipped Okawaru.
Okawaru was noncommittal.
You visited 2 branches of the dungeon, and saw 5 of its levels.

You collected 173 gold pieces.


Innate Abilities, Weirdness & Mutations

You are immune to sickness and miasma.
Your stone body is resilient. (AC +4)
You are immune to poison.
You resist negative energy. (rN+)
You are resistant to electric shocks. (rElec)
You are resistant to unholy torment.
You are immune to petrification.


   Skills:
 - Level 4.2 Fighting
 + Level 5.0 Axes
 - Level 3.2 Armour
 - Level 3.2 Shields


You had 5 spell levels left.
You didn't know any spells.
Your spell library was empty.

Inventory:

Hand Weapons
 g - a +0 mace
 Y - a +0 war axe (weapon)
Armour
 c - a +0 buckler (worn)
 i - a +0 chain mail (worn)
Jewellery
 b - an amulet of regeneration (around neck)
 k - a +4 ring of protection (left hand)
Scrolls
 l - a scroll of teleportation {unknown}
Potions
 a - a potion of heal wounds {unknown}
 d - 2 potions of might
 e - a potion of cancellation {unknown}
 f - a potion of invisibility {unknown}
 h - a potion of mutation {unknown}
 j - a potion of brilliance {unknown}
 n - a potion of resistance {unknown}
 o - a potion of magic {unknown}
 p - 2 potions of curing {unknown}

Dungeon Overview and Level Annotations

Branches:
Dungeon (4/15)             Temple (1/1) D:4

Altars:
Ashenzari
Cheibriados
Dithmenos
Elyvilon
Fedhas
Hepliaklqana
Kikubaaqudgha
Makhleb
Nemelex Xobeh
Okawaru
Qazlal
Ru
Sif Muna
Uskayaw
Vehumet
Wu Jian
Xom
Zin
The Shining One

Annotations:
D:4 Menkaure


Message History

Menkaure hits you! You block the giant cockroach's attack.
You hit Menkaure but do no damage.
Menkaure is severely damaged.
You barely miss the hobgoblin. You hit the giant cockroach.
Menkaure hits you but does no damage. You block the giant cockroach's attack.
The hobgoblin hits you but does no damage.
Menkaure calls on the powers of darkness!
The hobgoblin convulses!
You feel a surge of unholy energy. The giant cockroach bites you.
You slash the giant cockroach!
You kill the giant cockroach!
Okawaru accepts your kill.
You hit the hobgoblin. You hit Menkaure.
The hobgoblin hits you but does no damage.
Menkaure barely misses you. The hobgoblin closely misses you.
You hit Menkaure but do no damage.
Menkaure is severely damaged.
You barely miss the hobgoblin. Menkaure hits you but does no damage.
The hobgoblin hits you but does no damage.
Menkaure hits you but does no damage.
You barely miss Menkaure.
Menkaure is severely damaged.
You closely miss the hobgoblin. Menkaure hits you but does no damage.
The hobgoblin barely misses you.
You completely miss Menkaure.
Menkaure is severely damaged.
You hit the hobgoblin but do no damage. Menkaure hits you but does no damage.
The hobgoblin barely misses you.
Menkaure calls on the powers of darkness!
Your body is wracked with pain!
The hobgoblin barely misses you.
You hit Menkaure.
Menkaure is almost destroyed.
You barely miss the hobgoblin. Menkaure misses you.
The hobgoblin completely misses you.
You hit Menkaure but do no damage.
Menkaure is almost destroyed.
You barely miss the hobgoblin. Menkaure hits you!
You die...

#.........####....####
##.......## #....#
##.....## #.####
##...## #.# ##'## #.#
#.# #. #.# ##.## #.@.#
#..Mg.# #........
#...##.##.# #...# ...
..... ##. ##...# #
#...#


You could see Menkaure (fast) and a hobgoblin.

Vanquished Creatures
  A hound (D:4)
  An orc priest (D:3)
  An orc wizard (D:3)
  5 adders
  A worm (D:2)
  2 dart slugs
  9 orcs (D:3)
  7 ball pythons
  5 bats
  10 endoplasms
  4 giant cockroaches
  5 goblins
  7 hobgoblins
  4 jackals (D:4)
  2 quokkas (D:2)
  4 frilled lizards
  9 kobolds
  6 rats
83 creatures vanquished.

Notes
Turn   | Place    | Note
-------+----------+-------------------------------------------
     0 | D:1      | qw the Gargoyle Fighter began the quest for the Orb.
     0 | D:1      | Reached XP level 1. HP: 14/14 MP: 1/1
     0 | D:1      | 0 ||| qw: Version: 0.2-a-29-g511e9b1
     0 | D:1      | 0 ||| qw: Game counter: 5248
     0 | D:1      | 0 ||| qw: Always use a shield: true
     0 | D:1      | 0 ||| qw: God list: Okawaru
     0 | D:1      | 0 ||| qw: Allow faded altars: false
     0 | D:1      | 0 ||| qw: Do Orc after D:15 true
     0 | D:1      | 0 ||| qw: Do second Lair branch before Depths: true
     0 | D:1      | 0 ||| qw: Lair rune preference: random
     0 | D:1      | 0 ||| qw: Plans: Normal, Zot:1-4, Slime:5, God:TSO, Crypt,
                  | Tomb, Abyss, Pan, Hells, Win
     0 | D:1      | 0 ||| PLANNING D:1-11
    31 | D:1      | Reached skill level 2 in Axes
    80 | D:1      | Reached XP level 2. HP: 19/19 MP: 2/2
   209 | D:1      | 209 ||| DROPPING +0 club.
   293 | D:1      | 293 ||| Stepping ~*~*~tactically~*~*~ (stealth).
   294 | D:1      | 294 ||| Stepping ~*~*~tactically~*~*~ (stealth).
   309 | D:1      | 309 ||| FLEEEEING.
   312 | D:1      | 312 ||| Stepping ~*~*~tactically~*~*~ (stealth).
   316 | D:1      | 316 ||| Stepping ~*~*~tactically~*~*~ (stealth).
   320 | D:1      | 320 ||| Stepping ~*~*~tactically~*~*~ (stealth).
   328 | D:1      | 328 ||| Stepping ~*~*~tactically~*~*~ (stealth).
   640 | D:1      | 640 ||| UPGRADING to +0 chain mail.
   650 | D:1      | 650 ||| DROPPING +0 scale mail.
   651 | D:1      | 651 ||| UPGRADING to +4 ring of protection.
   652 | D:1      | 652 ||| READING scroll labelled HATOUNETIS.
   653 | D:1      | 653 ||| READING scroll labelled TUONTUKHLAE.
   681 | D:2      | Reached skill level 3 in Axes
   718 | D:2      | Reached XP level 3. HP: 23/23 MP: 3/3
   762 | D:2      | 762 ||| Stepping ~*~*~tactically~*~*~ (hiding).
   763 | D:2      | 763 ||| Stepping ~*~*~tactically~*~*~ (hiding).
  1201 | D:2      | Found a white marble altar of Elyvilon.
  1420 | D:2      | Reached XP level 4. HP: 13/28 MP: 4/4
  1446 | D:2      | 1446 ||| FLEEEEING.
  1745 | D:2      | 1745 ||| READING scroll labelled NIPHEL ZICEREL.
  1746 | D:2      | 1746 ||| READING scroll labelled BYUXYG FUESOON.
  1747 | D:2      | 1747 ||| READING scroll labelled FEDGHIANIRGH.
  1805 | D:3      | Identified the +1 robe of the Land of Plenty {Harm Drain
                  | MP+9}
  1828 | D:3      | Reached skill level 4 in Axes
  1883 | D:3      | 1883 ||| Stepping ~*~*~tactically~*~*~ (stealth).
  1938 | D:3      | Reached XP level 5. HP: 14/32 MP: 5/5
  2104 | D:3      | Found a faded altar of an unknown god.
  2423 | D:3      | Reached skill level 5 in Axes
  2451 | D:3      | 2451 ||| DROPPING +0 whip.
  2576 | D:3      | 2576 ||| Stepping ~*~*~tactically~*~*~ (stealth).
  2606 | D:3      | 2606 ||| UPGRADING to amulet of regeneration.
  2611 | D:3      | 2611 ||| READING scroll labelled KIZOIK BATEAQU.
  2612 | D:3      | 2612 ||| READING scroll labelled KUSMATU HIMIFO.
  2726 | D:4      | Found a staircase to the Ecumenical Temple.
  2727 | D:4      | 2727 ||| PLANNING TEMPLE
  2735 | Temple   | Entered the Ecumenical Temple
  2759 | Temple   | 2759 ||| PLANNING OKAWARU WORSHIP
  3187 | Temple   | Became a worshipper of Warmaster Okawaru
  3188 | Temple   | 3188 ||| PLANNING D:1-11
  3351 | D:4      | 3351 ||| Stepping ~*~*~tactically~*~*~ (stealth).
  3352 | D:4      | 3352 ||| Stepping ~*~*~tactically~*~*~ (stealth).
  3353 | D:4      | 3353 ||| Stepping ~*~*~tactically~*~*~ (stealth).
  3354 | D:4      | 3354 ||| Stepping ~*~*~tactically~*~*~ (stealth).
  3361 | D:4      | Reached XP level 6. HP: 38/38 MP: 6/6
  3444 | D:4      | Noticed Menkaure
  3453 | D:4      | HP: 4/38 [Menkaure (12)]
  3458 | D:4      | HP: 8/38 [??? (1)]
  3460 | D:4      | Mangled by Menkaure

Levels and vault maps discovered:
D:1:      minmay_arrival_cross, layout_basic, hex_tiny, minmay_pentomino_z4
D:2:      minmay_diamond_boxcup, layout_basic, basic_altar
D:3:      layout_loops_ring, shapermc_ecumenical_altar_venn,
          minmay_misc_feat_rows, minmay_fractal_squares_gapless_5
D:4:      layout_loops_corners, minmay_temple_entry_crystal_x, uniq_menkaure
Temple:   compressed_dpeg_triangle_lava_temple

Skill      XL: |  1  2  3  4  5 |
---------------+----------------+-----
Axes           | 2 3 4 5 |  5.0
Fighting       | 4 |  4.2
Armour         | |  3.2
Shields        | |  3.2

Action                     |  1- 3 |  4- 6 || total
---------------------------+-------+-------++-------
  Melee: War axe           |    84 |   135 ||   219
  Throw: Boomerang         |    42 |    39 ||    81
    Use: Scroll            |     2 |     5 ||     7
 Armour: Scale mail        |    23 |       ||    23
         Chain mail        |    37 |    96 ||   133
  Dodge: Dodged            |    28 |    41 ||    69
  Block: Buckler           |    20 |    20 ||    40

Table legend:
 A = Non-vault XP
 B = Vault XP
 C = Vault XP percentage of total XP
 D = Non-vault monster count
 E = Vault monster count
 F = Vault count percentage of total count
                 A         B        C        D         E       F
            +---------+---------+-------+---------+---------+-------
      Total |     259 |      65 |  20.1 |      67 |      16 |  19.3
            +---------+---------+-------+---------+---------+-------
        D:1 |      23 |       4 |  14.8 |      15 |       3 |  16.7
        D:2 |      39 |      28 |  41.8 |      14 |       9 |  39.1
        D:3 |     136 |      33 |  19.5 |      26 |       4 |  13.3
        D:4 |      61 |       0 |   0.0 |      12 |       0 |   0.0
            +---------+---------+-------+---------+---------+-------
